 Dungeon Crawl Stone Soup version 0.30-a0-808-g6e0788376e (webtiles) character file.

Game seed: 8381146048560940072

1047 bande the Chopper (level 8, -5/49 HPs)
             Began as a Gargoyle Fighter on Feb 26, 2023.
             Slain by Crazy Yiuf
             ... wielding a +2 quarterstaff of chaos
              (10 damage)
             ... on level 3 of the Dungeon.
             The game lasted 00:07:24 (4413 turns).

bande the Chopper (Gargoyle Fighter)                Turns: 4413, Time: 00:07:24

Health: -5/49      AC: 20    Str: 20 (21) XL:     8   Next: 25%
Magic:  7/8        EV:  5    Int:  7 (8)  God:
Gold:   1350       SH:  4    Dex:  8 (11) Spells: 7/7 levels left

rFire   + . .      SeeInvis .    a - +0 war axe
rCold   + . .      Faith    .    c - +0 buckler
rNeg    + . .      Spirit   .    e - +0 plate armour
rPois   ∞          Reflect  .    v - +1 helmet
rElec   +          Harm     .    (no cloak)
rCorr   +          Rampage  .    (no gloves)
Will    .....                    (no boots) Stlth
                                 (no amulet)
HPRegen 0.28/turn                (no ring)
MPRegen 0.11/turn                (no ring)

@: resistant
A: sickness immunity, AC +5, negative energy resistance 1, electricity
resistance, torment resistance 1, petrification resistance
a: no special abilities


You were on level 3 of the Dungeon.
You visited 1 branch of the dungeon, and saw 5 of its levels.

You collected 1350 gold pieces.

Inventory:

Hand Weapons
 a - a +0 war axe (weapon)
 b - a +0 morningstar
Missiles
 h - 2 throwing nets (quivered)
Armour
 c - a +0 buckler (worn)
 e - a +0 plate armour (worn)
 v - a +1 helmet (worn)
Jewellery
 u - a +6 ring of intelligence
Wands
 d - a wand of roots (5)
Scrolls
 f - a scroll of blinking
 i - 4 scrolls of teleportation
Potions
 g - a potion of berserk rage
 j - a potion of degeneration
 k - 2 potions of brilliance
 m - 2 potions of flight
 n - a potion of heal wounds {unknown}
 p - 2 potions of attraction
 t - a potion of lignification {unknown}


   Skills:
 + Level 5.1 Fighting
 + Level 6.1 Axes
 + Level 5.5 Armour
 + Level 4.8 Shields
 * Level 1.7 Evocations


You had 7 spell levels left.
You didn't know any spells.
Your spell library was empty.

Dungeon Overview and Level Annotations

Branches:
Dungeon (5/15)
 Temple: D:4-7

Altars:
Elyvilon
Ru

Annotations:
D:3 Crazy Yiuf
D:5 1 runed translucent door, Juicyj's ghost, amateur GnWn


Innate Abilities, Weirdness & Mutations

You are immune to sickness and miasma.
Your stone body is resilient. (AC +5)
You are immune to poison.
You resist negative energy. (rN+)
You are resistant to electric shocks. (rElec)
You are resistant to unholy torment.
You are immune to petrification.


Message History

Crazy Yiuf hits you with a +2 quarterstaff of chaos.
Crazy Yiuf freezes you. Crazy Yiuf hits you but does no damage.
You barely miss Crazy Yiuf. Crazy Yiuf hits you but does no damage.
You barely miss Crazy Yiuf. Crazy Yiuf hits you but does no damage.
You barely miss Crazy Yiuf. Crazy Yiuf hits you but does no damage.
You closely miss Crazy Yiuf. Crazy Yiuf hits you but does no damage.
Crazy Yiuf hits you with a +2 quarterstaff of chaos!
You easily resist.
You barely miss Crazy Yiuf.
Crazy Yiuf hits you with a +2 quarterstaff of chaos.
Crazy Yiuf freezes you.
You closely miss Crazy Yiuf. Crazy Yiuf hits you but does no damage.
You barely miss Crazy Yiuf.
Crazy Yiuf hits you with a +2 quarterstaff of chaos.
You feel your power leaking away.
You slash Crazy Yiuf!
Crazy Yiuf is heavily wounded.
Crazy Yiuf hits you with a +2 quarterstaff of chaos.
Crazy Yiuf hits you with a +2 quarterstaff of chaos!
Space warps around you.
* * * LOW HITPOINT WARNING * * *
You hit Crazy Yiuf but do no damage.
Crazy Yiuf is heavily wounded.
Crazy Yiuf says, "Castle!
Race sanguine arm."
Crazy Yiuf hits you with a +2 quarterstaff of chaos.
* * * LOW HITPOINT WARNING * * *
You feel protected.
You slash Crazy Yiuf!
Crazy Yiuf is almost dead.
Crazy Yiuf cries, "Cholesterol high sing-song!"
Crazy Yiuf hits you with a +2 quarterstaff of chaos.
* * * LOW HITPOINT WARNING * * *
You barely miss Crazy Yiuf.
Crazy Yiuf is almost dead.
Crazy Yiuf hits you but does no damage.
You hit Crazy Yiuf.
Crazy Yiuf is almost dead.
Crazy Yiuf says, "Buddy!"
Crazy Yiuf hits you with a +2 quarterstaff of chaos!
You die...

###### ####. .....#
#.... ####.# ##....
#.# #..... #.# #.....
#.# ♣♣♣♣♣#####.....
#.#
###**♣♣♣.♣......).....
#.#
#...#♣..♣......##.....
#<####
#...g@♣♣♣♣......######
##...# #)..#♣♣
♣♣........# #...#
###** ♣♣##...#.###
#####...## #........
.........# #........
#####...## ######
##........
#.#...######....#
#.........
###.........[.>##.#
#.........
#...######...#.##+####
#.##.###..


You could see Crazy Yiuf.

Vanquished Creatures
  Grinder (D:3)
  Sigmund (D:4)
  A water moccasin (D:5)
  A phantom (D:5)
  6 orc priests
  A hound (D:5)
  Jessica (D:3)
  Natasha (thrice) (D:3)
  An iguana (D:5)
  An orc wizard (D:3)
  4 gnolls
  A worm (D:2)
  2 dart slugs
  13 orcs
  5 bats
  4 endoplasms
  3 giant cockroaches
  8 hobgoblins
  11 jackals
  3 quokkas
  5 ball pythons
  3 frilled lizards
  5 goblins
  9 kobolds
  7 rats
100 creatures vanquished.

Notes
Turn   | Place    | Note
-------+----------+-------------------------------------------
     0 | D:1      | bande the Gargoyle Fighter began the quest for the Orb.
     0 | D:1      | Reached XP level 1. HP: 14/14 MP: 1/1
   190 | D:1      | Reached XP level 2. HP: 19/19 MP: 2/2
   207 | D:1      | Reached skill level 2 in Axes
   207 | D:1      | Reached XP level 3. HP: 8/23 MP: 3/3
  1978 | D:3      | You fall into a shaft and drop 2 floors!
  1978 | D:5      | Entered Level 5 of the Dungeon
  1981 | D:5      | Noticed a water moccasin
  1986 | D:5      | Reached XP level 4. HP: 19/28 MP: 4/4
  1993 | D:5      | Killed a water moccasin
  1994 | D:5      | Reached skill level 3 in Axes
  1994 | D:5      | Reached XP level 5. HP: 12/33 MP: 5/5
  1996 | D:5      | Found a runed translucent door.
  2000 | D:5      | Reached skill level 4 in Axes
  2000 | D:5      | Reached XP level 6. HP: 10/38 MP: 6/6
  2000 | D:5      | Noticed Juicyj's ghost (amateur GnWn)
  2895 | D:4      | Noticed Sigmund
  2940 | D:4      | Killed Sigmund
  2941 | D:4      | Reached skill level 5 in Axes
  2941 | D:4      | Reached skill level 5 in Armour
  2941 | D:4      | Reached XP level 7. HP: 5/44 MP: 7/7
  3235 | D:3      | Noticed Jessica
  3237 | D:3      | Killed Jessica
  3250 | D:3      | Noticed Natasha
  3260 | D:3      | Killed Natasha
  3290 | D:3      | Found a sacrificial altar of Ru.
  3345 | D:3      | Noticed Grinder
  3377 | D:3      | Paralysed by Grinder for 5 turns
  3396 | D:3      | Killed Grinder
  3397 | D:3      | Reached skill level 1 in Evocations
  3397 | D:3      | Reached XP level 8. HP: 34/48 MP: 8/8
  3558 | D:3      | Identified a scroll of acquirement
  3558 | D:3      | Acquired 1029 gold pieces
  3671 | D:3      | Found a white marble altar of Elyvilon.
  3676 | D:3      | Noticed Natasha
  3681 | D:3      | Killed Natasha
  3716 | D:3      | Reached skill level 5 in Fighting
  3820 | D:3      | Noticed Natasha
  3830 | D:3      | Killed Natasha
  3831 | D:3      | Reached skill level 6 in Axes
  4396 | D:3      | Found a runed translucent door.
  4397 | D:3      | Noticed Crazy Yiuf
  4413 | D:3      | Slain by Crazy Yiuf

Illustrated notes

Levels and vault maps discovered:
D:1:      minmay_arrival_cross, layout_loops_cross
D:2:      minmay_alternating_diamond, layout_basic
D:3:      layout_basic, amcnicky_altar_gilded, elyvilon_altar_3,
          uniq_crazy_yiuf_cottage, uniq_jessica, uniq_grinder, uniq_natasha
D:4:      layout_loops_cross, uniq_sigmund
D:5:      layout_rooms, gammafunk_ghost_grave, grunt_decor_arrowhead,
          uniq_blork_the_orc

Skill      XL: |  1  2  3  4  5  6  7  8 |
---------------+-------------------------+-----
Axes           | 2 3 4 5 6 |  6.1
Armour         | 4 5 |  5.5
Shields        | 4 |  4.8
Fighting       | 4 5 |  5.1
Evocations     | 1 |  1.7

Action                     |  1- 3 |  4- 6 |  7- 9 || total
---------------------------+-------+-------+-------++-------
  Melee: War axe           |   111 |    97 |   179 ||   387
    Use: Potion            |       |     1 |     4 ||     5
         Scroll            |       |       |    12 ||    12
 Armour: Plate armour      |   115 |    66 |   114 ||   295
  Dodge: Dodged            |    34 |    33 |    42 ||   109
  Block: Buckler           |    31 |    20 |    27 ||    78

Table legend: (Time is in decaauts)
 A = Elapsed time spent in this place.
 B = Non-inter-level travel time spent in this place.
 C = Inter-level travel time spent in this place.
 D = Time resting spent in this place.
 E = Time spent auto-exploring this place.
 F = Levels seen in this place.
 G = Mean time per level.
                   A        B        C        D        E       F      G
               +--------+--------+--------+--------+--------+-----+--------+
         Total |   4568 |   4546 |     22 |   1742 |   1847 |   5 |  913.6 |
       Dungeon |   4568 |   4546 |     22 |   1742 |   1847 |   5 |  913.6 |
               +--------+--------+--------+--------+--------+-----+--------+

Top non-repeatable levels by time:
     D:3: 1323 daAuts
     D:2: 1135 daAuts
     D:5: 842 daAuts
     D:1: 816 daAuts
     D:4: 449 daAuts
